 Dungeon Crawl Stone Soup version 0.30-a0-613-gdd512c7efb (webtiles) character file.

Game seed: 16825259707666473035

671 Sabo the Sneak (level 7, 0/43 HPs)
             Began as an Octopode Fire Elementalist on Jan 8, 2023.
             Was an Initiate of Vehumet.
             Succumbed to a scorpion's poison
             ... on level 5 of the Dungeon.
             The game lasted 00:31:51 (5251 turns).

Sabo the Sneak (Octopode Fire Elementalist)         Turns: 5251, Time: 00:31:52

Health: 0/43       AC:  1    Str: 10    XL:     7   Next: 58%
Magic:  6/12       EV: 13    Int: 25    God:    Vehumet [......]
Gold:   145        SH:  0    Dex: 13    Spells: 6/13 levels left

rFire   + + .      SeeInvis .    n - +2 quarterstaff (venom)
rCold   x . .      Faith    .    (shield currently unavailable)
rNeg    . . .      Spirit   .    (helmet restricted)
rPois   .          Reflect  .    (no amulet)
rElec   .          Harm     .    h - ring of fire
rCorr   .          Rampage  .    l - ring "Vegu" {Str+3 Slay+4}
Will    .....                    p - +6 ring of intelligence
Stlth   ++++                     u - ring of protection from fire
HPRegen 0.27/turn                (no ring)
MPRegen 0.13/turn                (no ring)
                                 (no ring)
                                 (no ring)

@: lethally poisoned (0 -> -9)
A: almost no armour, amphibious, 8 rings, camouflage 1, gelatinous body 1,
(nimble swimmer 1), tentacles
a: Renounce Religion


You were on level 5 of the Dungeon.
You worshipped Vehumet.
Vehumet was noncommittal.
You visited 2 branches of the dungeon, and saw 6 of its levels.

You collected 240 gold pieces.
You spent 95 gold pieces at shops.

Inventory:

Hand Weapons
 j - a +0 sling
 k - a +2 dagger of freezing
 n - a +2 quarterstaff of venom (weapon)
 v - a +1 mace of protection
 w - a +0 war axe
Missiles
 f - 8 poisoned darts (quivered)
Jewellery
 h - a ring of fire (left tentacle)
 l - the ring "Vegu" (right tentacle) {Str+3 Slay+4}
   (You found it on level 2 of the Dungeon)

   [ring of slaying]

   Str:       It affects your strength (+3).
   Slay:      It affects your accuracy & damage with ranged weapons and melee
   (+4).
 p - a +6 ring of intelligence (on tentacle)
 u - a ring of protection from fire (on tentacle)
Wands
 q - a wand of flame (22)
Scrolls
 d - a scroll of enchant armour
 i - a scroll of acquirement {unknown}
 o - 2 scrolls of teleportation
 r - a scroll of butterflies
 t - a scroll of silence
 x - a scroll of immolation {unknown}
Potions
 a - 4 potions of magic
 b - a potion of haste
 c - a potion of resistance {unknown}
 e - a potion of invisibility {unknown}
 g - a potion of brilliance {unknown}
 s - a potion of berserk rage {unknown}
 z - a potion of might {unknown}


   Skills:
 + Level 1.4 Fighting
 + Level 1.5(1.9) Short Blades
 + Level 1.4(1.9) Long Blades
 + Level 1.2 Staves
 + Level 3.0 Dodging
 + Level 4.9 Stealth
 + Level 3.8 Spellcasting
 + Level 3.0 Conjurations
 + Level 4.7 Fire Magic


You had 6 spell levels left.
You knew the following spells:

 Your Spells              Type           Power      Damage    Failure   Level
a - Foxfire               Conj/Fire      100%       2x1d9     1%          1
b - Inner Flame           Hex/Fire       25%        N/A       11%         3
c - Kindle Blastsparks    Fire/Tloc/Air  38%        2d13      14%         3

Your spell library contained the following spells:

 Spells                   Type           Power      Damage    Failure   Level
 Scorch                   Fire           84%        2d9       1%          2
 Flame Wave               Conj/Fire      36%        2d10      19%         4


Dungeon Overview and Level Annotations

Branches:
Dungeon (5/15)             Temple (1/1) D:4

Altars:
Ashenzari
Cheibriados
Dithmenos
Elyvilon
Fedhas
Gozag
Hepliaklqana
Kikubaaqudgha
Makhleb
Nemelex Xobeh
Okawaru
Qazlal
Ru
Sif Muna
Trog
Uskayaw
Vehumet
Wu Jian
Xom
Yredelemnul
Zin
The Shining One

Shops:
D:3 ?


Innate Abilities, Weirdness & Mutations

You cannot wear most types of armour.
You are amphibious.
You can wear up to eight rings at the same time.
Your skin changes colour to match your surroundings (Stealth+).
Your rubbery body absorbs attacks. (AC +1, EV +1)
((You are camouflaged when in or above water. (Stealth+)))
You have tentacles for arms and can constrict up to eight enemies at once.


Message History

The scorpion stings you.
* * * LOW HITPOINT WARNING * * *
Casting: Foxfire (safe; 1% risk of failure)
Confirm with . or Enter, or press ? or * to list all spells.
You feel a surge of power!
You conjure some foxfire!
The scorpion stings you.
* * * LOW HITPOINT WARNING * * *
The scorpion completely misses you.
Your foxfire dissipates!
The scorpion attacks as you move away! The scorpion closely misses you.
The foxfire hits the scorpion!
The scorpion is moderately wounded.
Casting: Foxfire (safe; 1% risk of failure)
Confirm with . or Enter, or press ? or * to list all spells.
You feel a surge of power!
You conjure some foxfire!
The scorpion stings you.
* * * LOW HITPOINT WARNING * * *
You are lethally poisoned!
The scorpion poisons you!
Your foxfire dissipates!
The scorpion attacks as you move away! The scorpion stings you.
* * * LOW HITPOINT WARNING * * *
You are more poisoned.
The scorpion poisons you!
* * * LOW HITPOINT WARNING * * *
You feel very sick.
The foxfire hits the scorpion but does no damage.
The scorpion barely misses you.
You feel better. The scorpion stings you.
* * * LOW HITPOINT WARNING * * *
The scorpion closely misses you.
Casting: Foxfire (safe; 1% risk of failure)
Confirm with . or Enter, or press ? or * to list all spells.
You feel a surge of power!
A cloud of volatile blastsparks flares up around you!
The scorpion barely misses you. The scorpion stings you.
* * * LOW HITPOINT WARNING * * *
You are lethally poisoned!
The scorpion poisons you!
You barely miss the scorpion. Your grab misses the scorpion.
Your squeeze misses the scorpion.
You die...

'.......................#####.#
#.)..######.##.#..............#
#))..# #.##.################
#.)..# ###'## #.. .. #.)†.#
#....#.#.. ..# ..)..#
#....#.#.# ...# .....##
#....#.#.###..#
...#..###....#.#......#
..).....#....#.#@....#
........#....#.#ss.###
........'....#.#.####
........#....'.#....####
........#....#.#.......##
........#....#...........
........####.###.........
....(...# #.###.###.####
##+#+#### #..##.# ...


You could see 2 scorpions.

Vanquished Creatures
  An ogre (D:4)
  2 phantoms
  Blork the orc (D:4)
  A scorpion (D:5)
  2 necrophages (D:5)
  An orc priest (D:5)
  Crazy Yiuf (D:2)
  2 orc wizards (D:5)
  An adder (D:4)
  An ufetubus (D:5)
  A dart slug (D:1)
  10 orcs
  7 endoplasms
  A giant cockroach (D:1)
  6 goblins
  3 hobgoblins
  2 quokkas
  7 ball pythons
  4 bats (D:1)
  10 kobolds
  6 rats
70 creatures vanquished.

Vanquished Creatures (others)
  127 foxfires
  11 plants (D:4)
138 creatures vanquished.

Grand Total: 208 creatures vanquished

Notes
Turn   | Place    | Note
-------+----------+-------------------------------------------
     0 | D:1      | Sabo the Octopode Fire Elementalist began the quest for the
                  | Orb.
     0 | D:1      | Reached XP level 1. HP: 11/11 MP: 3/3
   271 | D:1      | Reached XP level 2. HP: 15/17 MP: 3/5
   581 | D:1      | Reached XP level 3. HP: 11/21 MP: 6/6
   584 | D:1      | HP: 1/21 [kobold/+0 short sword (4)]
  1294 | D:2      | Found a runed translucent door.
  1731 | D:2      | Identified the ring "Vegu" {Str+3 Slay+4}
  2252 | D:2      | Noticed Crazy Yiuf
  2258 | D:2      | Killed Crazy Yiuf
  2259 | D:2      | Reached XP level 4. HP: 11/27 MP: 5/7
  2445 | D:3      | Found Doithriz's Magic Scroll Emporium.
  2468 | D:3      | Bought a scroll of brand weapon for 95 gold pieces
  2511 | D:3      | Found an ancient bone altar of Kikubaaqudgha.
  2517 | D:3      | Found a burning altar of Makhleb.
  2956 | D:3      | Learned a level 3 spell: Inner Flame
  3169 | D:4      | Found a staircase to the Ecumenical Temple.
  3178 | D:4      | Noticed Blork the orc
  3181 | Temple   | Entered the Ecumenical Temple
  3323 | Temple   | Became a worshipper of Vehumet
  3470 | D:4      | Killed Blork the orc
  3471 | D:4      | Reached skill level 1 in Long Blades
  3471 | D:4      | Reached XP level 5. HP: 10/32 MP: 5/8
  3659 | D:4      | Found a blossoming altar of Fedhas.
  3740 | D:4      | Learned a level 3 spell: Kindle Blastsparks
  3798 | D:4      | Noticed a phantom
  3807 | D:4      | Killed a phantom
  3808 | D:4      | Reached skill level 1 in Fighting
  4004 | D:4      | Reached XP level 6. HP: 38/38 MP: 6/10
  4146 | D:4      | Reached skill level 1 in Short Blades
  4294 | D:5      | Entered Level 5 of the Dungeon
  4377 | D:5      | Reached XP level 7. HP: 43/43 MP: 8/11
  5044 | D:5      | Reached skill level 1 in Staves
  5248 | D:5      | HP: 1/43 [poisoned by a scorpion]
  5251 | D:5      | Succumbed to a scorpion's poison

Illustrated notes

Levels and vault maps discovered:
D:1:      dpeg_arrival_renting, layout_rooms
D:2:      layout_basic, serial_aquarium, aquarium_bridge_straight
          [aquarium_subvault_bridge, aquarium_subvault_wall,
          aquarium_subvault_bridge, aquarium_subvault_window],
          aquarium_window_1, aquarium_window_1, aquarium_window_fake,
          aquarium_window_2, aquarium_view_2a, aquarium_pool_2,
          dk_noncrumbling_3, grunt_decor_arrowhead, st_stairs_11,
          uniq_crazy_yiuf_cottage
D:3:      layout_loops_ring, mainiacjoe_overflow_catwalk_spiral, serial_shops,
          shop
D:4:      layout_rooms, fedhas_altar_decomposition,
          minmay_temple_entry_stoned_glass, uniq_blork_the_orc
D:5:      minmay_recursive_quarters, layout_basic
Temple:   nicolae_temple_bog_church

Skill      XL: |  1  2  3  4  5  6  7 |
---------------+----------------------+-----
Stealth        | 3 4 |  4.9
Long Blades    | 1 |  1.4
Fire Magic     | 4 |  4.7
Fighting       | 1 |  1.4
Short Blades   | 1 |  1.5
Spellcasting   | 3 |  3.8
Conjurations   | 2 3 |  3.0
Dodging        | 3 |  3.0
Staves         | 1 |  1.2

Action                   |  1- 3 |  4- 6 |  7- 9 || total
-------------------------+-------+-------+-------++-------
Melee: Falchion          |    40 |       |       ||    40
       Constrict         |    11 |     2 |     2 ||    15
       Tentacles         |     9 |     3 |     1 ||    13
       Unarmed           |     3 |       |       ||     3
       Dagger            |     3 |       |       ||     3
       Hand axe          |     2 |       |       ||     2
       Quarterstaff      |       |    10 |    15 ||    25
       Punch             |       |       |     1 ||     1
 Cast: Foxfire           |    17 |    34 |    25 ||    76
       Kindle Blastspark |       |       |     1 ||     1
  Use: Scroll            |       |     7 |       ||     7
       Potion            |       |     1 |     2 ||     3
 Stab: Sleeping          |     2 |       |       ||     2
Armor: Skin              |     8 |     1 |     2 ||    11
Dodge: Dodged            |    45 |     9 |    18 ||    72

Table legend: (Time is in decaauts)
 A = Elapsed time spent in this place.
 B = Non-inter-level travel time spent in this place.
 C = Inter-level travel time spent in this place.
 D = Time resting spent in this place.
 E = Time spent auto-exploring this place.
 F = Levels seen in this place.
 G = Mean time per level.
                   A        B        C        D        E       F      G
               +--------+--------+--------+--------+--------+-----+--------+
         Total |   5249 |   5249 |      0 |   1268 |      0 |   6 |  874.8 |
       Dungeon |   4970 |   4970 |      0 |   1166 |      0 |   5 |  994.0 |
        Temple |    279 |    279 |      0 |    102 |      0 |   1 |  279.0 |
               +--------+--------+--------+--------+--------+-----+--------+

Top non-repeatable levels by time:
     D:2: 1308 daAuts
     D:1: 1086 daAuts
     D:5: 960 daAuts
     D:4: 832 daAuts
     D:3: 782 daAuts
  Temple: 279 daAuts
